 Dungeon Crawl Stone Soup version 0.26.0-10-g1f06aea511 (webtiles) character file.

Game seed: 8958528881908254656

426413 shitwizard the Executioner (level 22, -2/185 HPs)
             Began as a Demonspawn Chaos Knight on Jan 25, 2021.
             Was a Favourite Plaything of Xom.
             Splashed by a caustic shrike's acid (11 damage)
             ... while paralysed by a vampire knight
             ... on level 1 of the Depths on Jan 26, 2021.
             The game lasted 06:25:12 (47760 turns).

shitwizard the Executioner (DsCK)                  Turns: 47760, Time: 06:25:12

Health: -2/185     AC:  6    Str: 17      XL:     22   Next: 43%
Magic:  0/22       EV:  2    Int: 23      God:    Xom [...*..]
Gold:   3213       SH:  0    Dex: 20 (22) Spells: 11/21 levels left

rFire    + + .     SeeInvis +   n - +3 broad axe (pain)
rCold    . . .     Faith    .   y - +0 kite shield {reflect}
rNeg     . . .     Spirit   +   V - +4 troll leather armour
rPois    +         Reflect  +   j - +0 mask of the Dragon {Will+ Slay+3 SInv}
rElec    .         Harm     .   L - +2 cloak {Stlth+}
rCorr    .         Rampage  .   M - +0 pair of fencer's gloves {Riposte Dex+3}
Will     ++...                  (boots unavailable)
Stlth    ++++......             x - amulet of Wecor {Spirit Int+4}
HPRegen  3.80/turn              v - ring of the Hare {EV+8}
MPRegen  0.18/turn              E - ring of protection from fire

@: paralysed, about to teleport, death channel, corroded, studying Shields
A: claws 1, talons 3, thin skeletal structure 3, blink, deterioration 1, dopey
1, fire resistance 1, poison resistance, powered by death 2, robust 1, shaggy
fur 2, spiny 2, strong 1, evolution 1, augmentation 1
}: 3/15 runes: serpentine, barnacled, silver
a: Blink, Renounce Religion


You were on level 1 of the Depths.
You worshipped Xom.
You were a favourite toy of Xom.
You visited 8 branches of the dungeon, and saw 40 of its levels.
You also visited: Sewer, Ossuary and Ice Cave.

You collected 6947 gold pieces.
You spent 3734 gold pieces at shops.

Inventory:

Hand Weapons
 n - a +3 broad axe of pain (weapon)
 O - a +5 war axe of freezing
 U - the +8 demon trident of Hell's Wrath {freeze, rC+ Dex+3}
   (You found it in an ice cave)

   It has been specially enchanted to freeze those struck by it, causing extra
   injury to most foes and up to half again as much damage against particularly
   susceptible opponents.
   It can also slow down cold-blooded creatures.
   It affects your dexterity (+3).
   It protects you from cold.
 Y - a +2 morningstar of pain
Missiles
 q - 55 poisoned darts
 B - 3 throwing nets
Armour
 j - the +0 mask of the Dragon (worn) {Will+ Slay+3 SInv}
   (You bought it in a shop on level 1 of the Snake Pit)

   It affects your accuracy and damage with ranged weapons and melee attacks
   (+3).
   It affects your willpower, your defense against some magical effects.
   It lets you see invisible.
 o - the +1 robe of Henotheism {rPois Will+ Int+2 Dex+4}
   (You found it on level 2 of the Vaults)

   It affects your intelligence (+2).
   It affects your dexterity (+4).
   It protects you from poison.
   It affects your willpower, your defense against some magical effects.
 y - a +0 kite shield of reflection (worn)
 K - a scarf of resistance
 L - a +2 cloak of stealth (worn)
 M - the +0 pair of fencer's gloves (worn) {Riposte Dex+3}
   (You bought it in a shop on level 10 of the Dungeon)

   It affects your dexterity (+3).
 V - a +4 troll leather armour (worn)
Jewellery
 l - an uncursed ring of willpower
 t - an uncursed ring of resist corrosion
 v - the ring of the Hare (left hand) {EV+8}
   (Xom gifted it to you in a sewer)

   [ring of evasion]

   It affects your evasion (+8).
 x - the amulet of Wecor (around neck) {Spirit Int+4}
   (You took it off a tengu warrior on level 12 of the Dungeon)

   [amulet of guardian spirit]

   It causes incoming damage to be split between your health and magic.
   It affects your intelligence (+4).
 A - an uncursed ring of protection from cold
 E - a ring of protection from fire (right hand)
 G - an uncursed ring of protection from fire
 P - a +6 ring of intelligence
 R - an uncursed ring of stealth
 S - an uncursed ring of wizardry
Wands
 c - a wand of flame (60)
 f - a wand of enslavement (18)
 h - a wand of disintegration (65) (quivered)
 z - a wand of random effects (19)
 F - a wand of paralysis (10)
 H - a wand of iceblast (45)
 I - a wand of polymorph (28)
 J - a wand of digging (21)
 Q - a wand of acid (49)
Scrolls
 a - 2 scrolls of blinking
 e - 9 scrolls of amnesia
 g - 24 scrolls of remove curse
 m - 5 scrolls of teleportation
 r - 9 scrolls of identify
 u - 7 scrolls of magic mapping
 w - 7 scrolls of fear
Potions
 d - 16 potions of curing
 i - 5 potions of flight
 k - 7 potions of brilliance
 p - 3 potions of attraction
 s - 5 potions of magic
 C - 2 potions of berserk rage
 D - 8 potions of ambrosia
 T - 2 potions of heal wounds
Books
 W - a manual of Shields
Miscellaneous
 b - a lightning rod (2/4)
 N - a condenser vane (inert)
 X - a phantom mirror (inert)
 Z - a phial of floods (inert)


   Skills:
 - Level 13.0 Fighting
 - Level 21.1 Axes
 - Level 1.0(14.4) Polearms
 - Level 1.7 Armour
 - Level 13.0 Dodging
 - Level 15.0 Shields
 - Level 17.5 Necromancy
 + Level 15.7 Evocations


You had 11 spell levels left.
You knew the following spells:

 Your Spells              Type           Power        Failure   Level
a - Animate Skeleton      Necr           100%         0%          1
b - Vampiric Draining     Necr           34%          1%          3
c - Death Channel         Necr           34%          2%          6

Your spell library contained the following spells:

 Spells                   Type           Power        Failure   Level
 Pain                     Necr           100%         0%          1
 Corpse Rot               Necr/Air       N/A          1%          2
 Animate Dead             Necr           34%          1%          4
 Agony                    Necr           69%          1%          5
 Borgnjor's Vile Clutch   Necr/Erth      20%          14%         5
 Apportation              Tloc           0%           19%         1
 Beastly Appendage        Tmut           0%           19%         1
 Corona                   Hex            0%           19%         1
 Foxfire                  Conj/Fire      0%           19%         1
 Freeze                   Ice            0%           19%         1
 Magic Dart               Conj           0%           19%         1
 Sandblast                Erth           0%           19%         1
 Shock                    Conj/Air       0%           19%         1
 Summon Small Mammal      Summ           0%           19%         1
 Blink                    Tloc           N/A          28%         2
 Call Imp                 Summ           0%           28%         2
 Ensorcelled Hibernation  Hex/Ice        0%           28%         2
 Passwall                 Tmut/Erth      0%           28%         2
 Searing Ray              Conj           0%           28%         2
 Slow                     Hex            0%           28%         2
 Swiftness                Air            0%           28%         2
 Wereblood                Tmut           0%           28%         2
 Confusing Touch          Hex            0%           50%         3
 Conjure Flame            Conj/Fire      0%           50%         3
 Dazzling Flash           Conj/Hex       0%           50%         3
 Frozen Ramparts          Ice            0%           50%         3
 Inner Flame              Hex/Fire       0%           50%         3
 Mephitic Cloud           Conj/Pois/Air  0%           50%         3
 Ozocubu's Armour         Ice            0%           50%         3
 Spider Form              Tmut/Pois      0%           50%         3
 Static Discharge         Conj/Air       0%           50%         3
 Stone Arrow              Conj/Erth      0%           50%         3
 Tukima's Dance           Hex            0%           50%         3
 Simulacrum               Ice/Necr       20%          61%         6
 Airstrike                Air            0%           88%         4
 Cause Fear               Hex            0%           88%         4
 Fulminant Prism          Conj/Hex       0%           88%         4
 Hailstorm                Conj/Ice       0%           88%         4
 Ice Form                 Ice/Tmut       0%           88%         4
 Iskenderun's Mystic Bla  Conj/Tloc      0%           88%         4
 Leda's Liquefaction      Hex/Erth       0%           88%         4
 Petrify                  Tmut/Erth      0%           88%         4
 Sticky Flame             Conj/Fire      0%           88%         4
 Summon Ice Beast         Ice/Summ       0%           88%         4
 Summon Lightning Spire   Summ/Air       0%           88%         4
 Blade Hands              Tmut           0%           99%         5
 Bolt of Magma            Conj/Fire/Erth 0%           99%         5
 Fireball                 Conj/Fire      0%           99%         5
 Iskenderun's Battlesphe  Conj           0%           99%         5
 Lee's Rapid Deconstruct  Erth           0%           99%         5
 Lightning Bolt           Conj/Air       0%           99%         5
 Metabolic Englaciation   Hex/Ice        0%           99%         5
 Silence                  Hex/Air        0%           99%         5
 Summon Forest            Summ/Tloc      0%           99%         5
 Yara's Violent Unravell  Hex/Tmut       0%           99%         5
 Conjure Ball Lightning   Conj/Air       0%           100%        6
 Eringya's Noxious Bog    Tmut/Pois      0%           100%        6
 Hydra Form               Tmut           0%           100%        6
 Iron Shot                Conj/Erth      0%           100%        6
 Starburst                Conj/Fire      0%           100%        6
 Statue Form              Tmut/Erth      0%           100%        6
 Orb of Destruction       Conj           0%           100%        7
 Spellforged Servitor     Conj/Summ      0%           100%        7
 Summon Hydra             Summ           0%           100%        7
 Discord                  Hex            0%           100%        8
 Shatter                  Erth           0%           100%        9
 Tornado                  Air            0%           100%        9


Dungeon Overview and Level Annotations

Branches:
Dungeon (15/15)            Temple (0/1) D:5            Lair (6/6) D:10
 Shoals (4/4) Lair:2        Snake (4/4) Lair:3        Slime (0/5) Lair:6
    Orc (2/2) D:9             Elf (3/3) Orc:2        Vaults (5/5) D:13
  Crypt (0/3) Vaults:2     Depths (1/5) D:15          Sewer (visited)
Ossuary (visited)           IceCv (visited)

Altars:
Dithmenos
Elyvilon
Fedhas
Kikubaaqudgha
Makhleb
Nemelex Xobeh
Okawaru
Qazlal
Trog
Vehumet
Wu Jian
Xom
The Shining One

Shops:
D:6 !   D:9 !   D:10 ([(   D:13 [   Orc:2 :[([   Elf:2 :   Elf:3 [   Shoals:2 (
Snake:1 (([   Snake:3 *   Vaults:2 *

Portals:
Hell: Depths:1
Ziggurat: Depths:1

Annotations:
D:5 Prince Ribbit
D:6 1 runed translucent door
D:14 2 transporters
D:15 Roxanne
Lair:1 3 runed translucent doors, rewtre123's ghost, journeyman MiFi
Lair:6 exclusion: 4 oklob plants
Elf:2 3 runed translucent doors


Innate Abilities, Weirdness & Mutations

You have claws for feet.
You have an unnaturally thin skeletal structure. (Dex +6, Stealth++)
You regenerate health from kills.
You are mostly covered in sharp spines.
Your magical and physical power is slightly enhanced at high health.
You have sharp fingernails.
You can translocate small distances at will.
Your body sometimes deteriorates upon taking damage.
You are dopey. (Int -2)
Your flesh is heat resistant. (rF+)
Your system is resistant to poisons. (rPois)
You are robust. (+10% HP)
You are covered in thick fur. (AC +2)
Your muscles are strong. (Str +2)
You evolve.


Message History

The deep troll earth mage casts a spell at your spectral very ugly thing.
The stone door frame shatters!
The blast of rock fragments hits your spectral very ugly thing!
The ice dragon is engulfed in freezing vapours.
The vampire knight hits you with a +2 dire flail!
* * * LOW HITPOINT WARNING * * *
The vampire knight bites you.
* * * LOW HITPOINT WARNING * * *
The vampire knight draws strength from your injuries!
The caustic shrike claws you!!
* * * LOW HITPOINT WARNING * * *
You are splashed with acid!
* * * LOW HITPOINT WARNING * * *
Your spectral spriggan air mage is engulfed in freezing vapours.
Your spectral very ugly thing hits the deep troll earth mage but does no damage.
The hornet changes into an elephant!
The caustic shrike claws you!
* * * LOW HITPOINT WARNING * * *
The acid corrodes you!
You are splashed with acid!
You die...
Xom thinks this is hilarious! +++++

+'......#≈..).?.≈#
+§§§§++'......#≈♣...[♣≈#
+:§☼§§+'......#≈...[..≈#
+$}Z§Y'Z......#≈......≈#
+!≈≈§§'T......#≈......≈#
+'''Z'Z......#≈♣....♣≈#
++++'CiDZ......#≈......≈#
''''''CbVD.....#≈......≈# ##.#
########@......#≈..))..≈# ##..#
.# ###........#≈♣....♣≈# ....#
#.###..........#≈......≈#
....#####...........(..#≈......≈#
..........#....).......#≈......≈#
..........#.....)......#≈♣....♣≈#
.......................#........#
.................................
.........##......................


You could see a caustic shrike (waterlogged), a storm dragon (waterlogged), an
ice dragon, a vampire knight (fast), an elephant shaped shifter, 2 ettins, a
spriggan berserker (waterlogged), a deep troll earth mage, a friendly spectral
very ugly thing, a friendly spectral spriggan air mage, 2 friendly spectral
yaktaurs and a friendly spectral stone giant.

Vanquished Creatures
  Mara (Vaults:3)
  Sojobo (Vaults:3)
  Nikola (Elf:3)
  The ghost of Pigarer the Ruinous, an adept TeAE of Vehumet (Vaults:4)
  Jorgrun (Snake:2)
  A lich (Vaults:2)
  The ghost of Anosyof the Impaler, an adept CeHu of Okawaru (Vaults:3)
  2 Ice Fiends (IceCv)
  A titan (Vaults:5)
  A deep elf master archer (Elf:3)
  A deep elf blademaster (Elf:3)
  Agnes (Elf:1)
  A sphinx (Vaults:4)
  3 shadow dragons (Vaults:5)
  An ancient champion (Vaults:2)
  A storm dragon (Vaults:5)
  5 tengu reavers
  4 nagarajas
  Donald (Vaults:1)
  7 vault wardens
  A frost giant (Vaults:5)
  A fire giant (Vaults:5)
  A balrug (Depths:1)
  8 deep elf sorcerers
  Louise (Shoals:4)
  Aizul (Vaults:4)
  A deep elf elementalist (Elf:3)
  11 ironheart preservers
  10 stone giants
  2 very ugly things (Depths:1)
  A war gargoyle (Vaults:5)
  Nessos (Lair:5)
  Azrael (D:13)
  A vampire knight (Depths:1)
  3 deep elf demonologists
  2 small abominations (Vaults:5)
  4 entropy weavers
  2 large abominations (Vaults:5)
  5 deep elf annihilators
  3 spark wasps (Depths:1)
  A minotaur (Vaults:4)
  9 ettins
  5 merfolk impalers
  2 deep elf high priests
  5 deep elf death magi
  5 fire dragons
  Josephine (Lair:6)
  6 yaktaur captains
  6 great orbs of eyes
  9 naga warriors
  Erica (Lair:1)
  4 ice dragons
  26 vault guards
  Harold (D:10)
  A rakshasa (Vaults:2)
  A spriggan air mage (Depths:1)
  4 boulder beetles
  4 merfolk avatars
  6 ogre magi
  2 death knights
  3 hydras
  12 centaur warriors
  2 merfolk aquamancers
  19 two-headed ogres
  6 death yaks (Lair:6)
  3 satyrs
  6 anacondas
  17 dancing weapons
  3 tengu warriors
  2 vampire magi (Vaults:2)
  2 deep troll shamans (Vaults:1)
  A queen ant (Vaults:5)
  4 orc high priests (Orc:2)
  8 shock serpents
  8 naga sharpshooters
  Urug (D:12)
  30 deep elf knights
  2 fire crabs (shapeshifter) (Vaults:5)
  3 salamander mystics
  2 sun demons (Depths:1)
  10 skeletal warriors
  A death drake (Lair:6)
  A hell knight (Depths:1)
  3 wizards
  5 deep trolls
  A swamp dragon (Lair:6)
  A glowing orange brain (shapeshifter) (Depths:1)
  5 unseen horrors
  7 sea snakes
  3 flayed ghosts
  A lindwurm (Lair:6)
  7 naga ritualists
  Pikel (D:6)
  A glowing orange brain (Vaults:1)
  18 deep elf archers
  The ghost of dohliylev the Cleaver, a novice MiBe of Trog (D:6)
  A necromancer (Vaults:4)
  11 ironbrand convokers
  3 phantasmal warriors (Vaults:5)
  17 harpies
  11 orc knights
  A harpy (shapeshifter) (Vaults:4)
  2 wolf spiders
  16 fauns
  10 salamanders
  62 deep elf magi
  6 mana vipers
  31 ugly things
  5 orc sorcerers
  Maurice (D:10)
  2 elephants (Lair:5)
  19 manticores
  Joseph (D:10)
  4 ice statues
  6 merfolk sirens
  A human skeleton (Vaults:4)
  6 cyclopes
  A black mamba (shapeshifter) (Elf:2)
  4 guardian serpents
  29 black mambas
  2 water nymphs
  12 vault sentinels
  2 torpor snails (Lair:6)
  25 naga magi
  A cane toad (shapeshifter) (D:14)
  7 cane toads
  Maggie (D:9)
  A rime drake (Lair:6)
  3 gargoyles
  19 yaktaurs
  A yaktaur zombie (Vaults:4)
  3 freezing wraiths
  2 kobold demonologists
  12 komodo dragons
  11 ice devils (IceCv)
  13 merfolk
  2 tengu conjurers (Vaults:2)
  4 tyrant leeches (Lair:6)
  16 hornets
  A jumping spider (Vaults:1)
  A meliai (shapeshifter) (Lair:6)
  A polar bear (Lair:6)
  A wolf spider simulacrum (D:14)
  6 trolls
  A harpy skeleton (D:13)
  2 queen bees
  A wind drake (shapeshifter) (Vaults:5)
  7 wind drakes
  A hornet (shapeshifter) (Elf:3)
  A stone giant simulacrum (Vaults:3)
  22 slime creatures
  15 blink frogs
  5 snapping turtles
  2 redbacks
  A shadow (D:11)
  An air elemental (Elf:2)
  6 wraiths
  A vampire (D:14)
  A spriggan (shapeshifter) (Depths:1)
  7 wyverns
  A human (Orc:2)
  6 water elementals
  3 tarantellas
  A fire bat (Orc:2)
  A human (shapeshifter) (Vaults:3)
  60 yaks
  A fire elemental (D:13)
  8 basilisks
  A steam dragon (shapeshifter) (Vaults:5)
  4 steam dragons (Lair:6)
  50 nagas
  An acid dragon (Snake:1)
  2 wargs
  3 hell hounds
  A floating eye (Depths:1)
  30 orc warriors
  18 water moccasins
  2 sky beasts
  4 ice beasts
  An eye of draining (D:14)
  A swamp drake (Lair:6)
  2 black bears (D:11)
  3 necrophages
  An eye of draining (shapeshifter) (Vaults:1)
  18 ogres
  9 wolves
  18 centaurs
  2 phantoms
  An elf skeleton (Vaults:4)
  A lemure (D:6)
  2 big kobolds (D:13)
  4 elf zombies (Ossuary)
  24 bullfrogs
  2 earth elementals
  A wyvern zombie (D:6)
  A wyvern skeleton (D:10)
  5 scorpions
  A human simulacrum (Vaults:1)
  36 killer bees
  15 wights
  4 vampire bats
  8 electric eels
  A howler monkey (Orc:2)
  7 centaur zombies
  3 bullfrog zombies
  6 hounds
  6 human zombies (Ossuary)
  A jelly (D:5)
  38 orc wizards
  3 bullfrog skeletons
  31 orc priests
  Crazy Yiuf (D:7)
  9 centaur skeletons
  3 iguanas
  11 worker ants
  11 hell rats
  2 hound skeletons
  3 mummies (Ossuary)
  23 adders
  7 river rats
  A shadow imp (D:7)
  11 white imps
  6 ufetubi
  2 oozes
  2 adder zombies (D:7)
  3 adder skeletons
  A worm (D:3)
  3 dart slugs (D:1)
  6 leopard geckos
  94 orcs
  16 ball pythons
  2 bat skeletons (D:9)
  3 bat zombies (D:9)
  3 giant cockroaches
  5 goblins
  14 jackals
  8 kobolds
  2 quokkas
  18 bats
  6 frilled lizards
  A quokka skeleton (D:6)
  A quokka zombie (D:9)
  35 rats
  2 ball lightnings (Vaults:4)
  3 crawling corpses
  A plant (Shoals:3)
1638 creatures vanquished.

Vanquished Creatures (collateral kills)
  2 tentacled monstrosities (Vaults:5)
  2 titans (Vaults:5)
  A quicksilver dragon (Vaults:5)
  2 sphinxes (Vaults:5)
  A tengu reaver (Vaults:5)
  3 storm dragons (Vaults:5)
  A shadow dragon (Vaults:5)
  3 vault wardens (Vaults:5)
  A nagaraja (Snake:4)
  4 fire giants
  4 deep elf sorcerers
  5 stone giants
  A deep elf demonologist (Elf:3)
  2 spark wasps (Depths:1)
  A deep elf annihilator (Elf:3)
  2 deep elf death magi
  A fire dragon (Vaults:3)
  An ettin (Vaults:5)
  5 yaktaur captains (Vaults:5)
  2 merfolk impalers
  2 deep elf high priests (Vaults:5)
  A boulder beetle (Vaults:1)
  Fannar (Lair:3)
  6 vault guards (Vaults:5)
  A naga warrior (Snake:4)
  An alligator snapping turtle (Vaults:5)
  A death knight (Vaults:5)
  2 ogre magi
  2 merfolk avatars (Shoals:4)
  A satyr (Shoals:4)
  2 two-headed ogres
  A shock serpent (Snake:4)
  A hell knight (Depths:1)
  2 dancing weapons
  A shock serpent (shapeshifter) (Vaults:5)
  A salamander mystic (Snake:1)
  A wizard (Vaults:1)
  A skeletal warrior (Vaults:1)
  2 naga ritualists (Snake:4)
  A glowing orange brain (Depths:1)
  3 ironbrand convokers
  A flayed ghost (Vaults:5)
  A phantasmal warrior (Vaults:5)
  2 deep elf archers
  2 orc knights
  4 harpies (Shoals:4)
  4 deep elf magi
  4 ugly things
  An orc sorcerer (Orc:2)
  3 fauns
  A manticore (Shoals:4)
  A guardian serpent (shapeshifter) (Vaults:3)
  A merfolk siren (Shoals:4)
  3 black mambas
  4 vault sentinels
  An elephant (Lair:5)
  A centaur skeleton (D:10)
  A water nymph (Shoals:4)
  A torpor snail (Lair:6)
  8 yaktaurs
  5 merfolk (Shoals:4)
  A troll (D:12)
  A slime creature (shapeshifter) (Vaults:5)
  A steam dragon (Lair:6)
  3 nagas
  2 orc warriors
  4 ogres
  An eye of draining (shapeshifter) (Vaults:5)
  2 centaurs
  A wyvern skeleton (D:14)
  An iguana (Lair:6)
  An orc priest (Orc:2)
  A bullfrog skeleton (D:12)
  2 hell rats (Lair:3)
  4 orcs
  2 crawling corpses (Vaults:5)
154 creatures vanquished.

Vanquished Creatures (others)
  An orc warlord (Vaults:4)
  An ironheart preserver (Vaults:3)
  A deep elf high priest (Elf:3)
  A vault guard (Vaults:5)
  2 naga warriors
  A centaur warrior (Vaults:4)
  A hydra (Lair:6)
  10 dancing weapons
  A deep elf knight (Elf:2)
  A naga ritualist (Snake:4)
  A faun (Shoals:2)
  An elephant (Lair:5)
  A torpor snail (Lair:6)
  A fire elemental (D:13)
  A water moccasin (D:10)
  An orc warrior (Vaults:3)
  A centaur (D:13)
  3 wights (D:13)
  A white imp (IceCv)
  4 ufetubi (IceCv)
  An orc (Orc:2)
  2 ball lightnings (Vaults:4)
  26 fungi
  283 plants
347 creatures vanquished.

Grand Total: 2139 creatures vanquished

Notes
Turn   | Place    | Note
-------+----------+-------------------------------------------
     0 | D:1      | shitwizard the Demonspawn Chaos Knight began the quest for
                  | the Orb.
     0 | D:1      | Reached XP level 1. HP: 18/18 MP: 1/1
    98 | D:1      | XOM: butterfly on damage
   335 | D:1      | XOM: cloud trail
   363 | D:1      | Gained mutation: You have a somewhat thin skeletal
                  | structure. (Dex +2, Stealth) [demonic ancestry]
   363 | D:1      | Reached XP level 2. HP: 24/24 MP: 2/2
   378 | D:1      | XOM: polymorph giant cockroach -> dart slug
   385 | D:1      | Reached skill level 3 in Axes
   423 | D:1      | XOM: 1-stop teleportation journey
   857 | D:2      | Reached XP level 3. HP: 29/29 MP: 3/3
   881 | D:2      | XOM: 1-stop teleportation journey
  1041 | D:2      | Reached skill level 4 in Axes
  1163 | D:2      | XOM: god gift: mace {god gift}
  1359 | D:2      | XOM: noise
  1446 | D:2      | Reached XP level 4. HP: 35/35 MP: 4/4
  1492 | D:2      | You fall into a shaft and drop 1 floor!
  1525 | D:3      | Found a shimmering altar of Xom.
  1712 | D:3      | Found a glowing drain.
  1756 | Sewer    | Entered a sewer
  1886 | Sewer    | XOM: divination: magic mapping
  1904 | Sewer    | Reached skill level 5 in Axes
  1905 | Sewer    | Gained mutation: You have sharp toenails. [demonic
                  | ancestry]
  1905 | Sewer    | Reached XP level 5. HP: 19/41 MP: 5/5
  2312 | Sewer    | XOM: polymorph adder -> ball python
  2438 | Sewer    | Reached skill level 6 in Axes
  2438 | Sewer    | Gained mutation: You regenerate a little health from kills.
                  | [demonic ancestry]
  2438 | Sewer    | Reached XP level 6. HP: 34/47 MP: 6/6
  2486 | Sewer    | XOM: god gift: ring of the Hare {EV+8}
  2487 | Sewer    | Found the ring of the Hare {EV+8}
  2742 | D:3      | Found a white marble altar of Elyvilon.
  2820 | D:3      | XOM: give mutations
  2820 | D:3      | Gained mutation: You expend magic power (3 MP) to
                  | strengthen your wands. [Xom's grace]
  2820 | D:3      | Gained mutation: You are agile. (Dex +2) [Xom's grace]
  2820 | D:3      | Gained mutation: You have a pair of small antennae on your
                  | head. [Xom's grace]
  3099 | D:3      | XOM: divination: detect items
  3259 | D:4      | XOM: enchant monster (bad)
  3374 | D:4      | XOM: noise
  3461 | D:4      | XOM: silly message
  3486 | D:4      | Reached skill level 7 in Axes
  3486 | D:4      | Gained mutation: You have razor-sharp toenails. [demonic
                  | ancestry]
  3486 | D:4      | Reached XP level 7. HP: 52/52 MP: 7/7
  3492 | D:4      | XOM: silly message
  3511 | D:4      | XOM: 2-stop teleportation journey
  3540 | D:4      | XOM: 1-stop teleportation journey
  3585 | D:4      | Found a sparkling altar of Nemelex Xobeh.
  3593 | D:4      | Found a burning altar of Makhleb.
  3624 | D:4      | Found an ornate altar of the Wu Jian Council.
  3656 | D:4      | XOM: give mutation
  3656 | D:4      | Gained mutation: You have a pair of antennae on your head.
                  | [Xom's grace]
  3684 | D:4      | XOM: give mutations
  3684 | D:4      | Gained mutation: Your mind is acute. (Int +2) [Xom's grace]
  3684 | D:4      | Gained mutation: You possess an exceptional clarity of
                  | mind. [Xom's grace]
  3684 | D:4      | Gained mutation: Your flesh is heat resistant. (rF+) [Xom's
                  | grace]
  3815 | D:4      | XOM: cloud trail
  3877 | D:4      | Reached skill level 8 in Axes
  4239 | D:5      | Entered Level 5 of the Dungeon
  4246 | D:5      | XOM: fog
  4396 | D:5      | Found a blossoming altar of Fedhas.
  4409 | D:5      | XOM: scenery: create altars
  4419 | D:5      | Found a staircase to the Ecumenical Temple.
  4487 | D:5      | Found a glowing golden altar of the Shining One.
  4565 | D:5      | Found a sand-covered staircase.
  4570 | Ossuary  | Entered an ossuary
  4585 | Ossuary  | XOM: potion effect (haste)
  4626 | Ossuary  | XOM: give mutations
  4626 | Ossuary  | Gained mutation: Your mind is very acute. (Int +4) [Xom's
                  | grace]
  4626 | Ossuary  | Gained mutation: You are resistant to electric shocks.
                  | (rElec) [Xom's grace]
  4657 | Ossuary  | Reached XP level 8. HP: 56/58 MP: 8/8
  4668 | Ossuary  | Reached skill level 9 in Axes
  4672 | Ossuary  | XOM: potion effect (heal wounds)
  4864 | Ossuary  | XOM: enchant monster (good)
  4872 | Ossuary  | XOM: enchant monster (good)
  4932 | Ossuary  | XOM: divination: detect items
  5152 | Ossuary  | XOM: potion effect (curing)
  5371 | D:5      | Reached skill level 10 in Axes
  5385 | D:5      | Found a bloodstained altar of Trog.
  5403 | D:5      | XOM: cloud trail
  5749 | D:5      | XOM: divination: detect items
  5892 | D:5      | Noticed Prince Ribbit
  6120 | D:6      | Found a shadowy altar of Dithmenos.
  6192 | D:6      | XOM: smoke on damage
  6200 | D:6      | Gained mutation: You have a moderately thin skeletal
                  | structure. (Dex +4, Stealth+) [demonic ancestry]
  6200 | D:6      | Reached XP level 9. HP: 61/64 MP: 9/9
  6224 | D:6      | Reached skill level 11 in Axes
  6294 | D:6      | XOM: silly message
  6401 | D:6      | Noticed Pikel
  6402 | D:6      | XOM: divination: magic mapping
  6469 | D:6      | XOM: divination: detect items
  6471 | D:6      | XOM: divination: magic mapping
  6526 | D:6      | Found a runed translucent door.
  6531 | D:6      | Noticed dohliylev's ghost (novice MiBe)
  6650 | D:6      | XOM: silly message
  6743 | D:6      | Found a runed translucent door.
  6766 | D:6      | XOM: silly message
  6783 | D:6      | XOM: divination: detect items
  6819 | D:6      | Found Zevoful's Distillery.
  6880 | D:6      | Killed Pikel
  7002 | D:6      | XOM: potion effect (invisibility)
  7020 | D:6      | XOM: silly message
  7028 | D:6      | Reached skill level 12 in Axes
  7031 | D:6      | XOM: god gift: metallic silvery potion {god gift}
  7050 | D:6      | XOM: potion effect (brilliance)
  7056 | D:6      | XOM: god gift: wand of random effects (18)
  7061 | D:6      | XOM: summons friendly ufetubus
  7180 | D:7      | XOM: summons 4 hostile shadow creatures
  7335 | D:6      | Lost mutation: You expend magic power (3 MP) to strengthen
                  | your wands. [potion of mutation]
  7335 | D:6      | Lost mutation: You are agile. (Dex +2) [potion of mutation]
  7335 | D:6      | Lost mutation: You possess an exceptional clarity of mind.
                  | [potion of mutation]
  7335 | D:6      | Gained mutation: You possess an exceptional clarity of
                  | mind. [potion of mutation]
  7335 | D:6      | Gained mutation: You can translocate small distances at
                  | will. [potion of mutation]
  7335 | D:6      | XOM: noise
  7336 | D:6      | XOM: draining
  7350 | D:6      | XOM: god gift: robe {god gift}
  7353 | D:6      | Killed dohliylev's ghost
  7458 | D:7      | XOM: scenery: create altars
  7459 | D:7      | XOM: fake destruction
  7463 | D:7      | XOM: destruction
  7469 | D:7      | XOM: confuse monster(s)
  7494 | D:7      | XOM: chaos cloud
  7507 | D:7      | Got a slimy quarterstaff
  7535 | D:7      | XOM: give mutations
  7535 | D:7      | Gained mutation: Your system is resistant to poisons.
                  | (rPois) [Xom's mischief]
  7535 | D:7      | Lost mutation: Your mind is very acute. (Int +4) [Xom's
                  | mischief]
  7535 | D:7      | Lost mutation: You possess an exceptional clarity of mind.
                  | [Xom's mischief]
  7638 | D:7      | XOM: polymorph orc warrior -> wolf
  7656 | D:7      | XOM: noise
  7708 | D:7      | XOM: swap monsters
  7720 | D:7      | Gained mutation: Your magical and physical power is
                  | slightly enhanced at high health. [demonic ancestry]
  7720 | D:7      | Reached XP level 10. HP: 67/70 MP: 10/10
  7722 | D:7      | Reached skill level 13 in Axes
  7887 | D:7      | XOM: silly message
  8071 | D:7      | XOM: god gift: glowing glass wand {god gift}
  8207 | D:7      | Found a runed translucent door.
  8208 | D:7      | Noticed Crazy Yiuf
  8269 | D:7      | Killed Crazy Yiuf
  8300 | D:8      | XOM: noise
  8334 | D:8      | Found a bloodstained altar of Trog.
  8415 | D:8      | Identified the +5 quarterstaff "Killer Klown's Death"
                  | {drain, rElec Int+6} (You found it on level 7 of the
                  | Dungeon)
  8851 | D:9      | Found Jeymodal's Distillery.
  8908 | D:9      | Found an ancient bone altar of Kikubaaqudgha.
  8910 | D:9      | XOM: divination: magic mapping
  9077 | D:9      | Noticed Maggie
  9206 | D:9      | Found a staircase to the Orcish Mines.
  9218 | D:9      | XOM: fog
  9606 | D:9      | Killed Maggie
  9607 | D:9      | Reached skill level 14 in Axes
  9757 | D:9      | XOM: summons 1 hostile demon
  9792 | Orc:1    | Entered Level 1 of the Orcish Mines
  9793 | Orc:1    | XOM: cleaving
  9842 | D:10     | Entered Level 10 of the Dungeon
  9842 | D:10     | Noticed a green ugly thing
  9873 | D:10     | XOM: noise
  9880 | D:10     | Killed a green ugly thing
  9882 | D:10     | XOM: polymorph yak -> scorpion
  9899 | D:10     | Identified a scroll of acquirement
  9908 | D:10     | Found Hopti's Weapon Shop.
  9916 | D:10     | Noticed Harold
  9940 | D:10     | XOM: silly message
  9943 | D:10     | Noticed Maurice
  9949 | D:10     | Killed Harold
  9950 | D:10     | Reached skill level 15 in Axes
  9950 | D:10     | Reached XP level 11. HP: 75/75 MP: 11/11
  9955 | D:10     | XOM: fog
  9966 | D:10     | XOM: summons friendly white imp
  9974 | D:10     | XOM: enchant monster (good)
  9976 | D:10     | XOM: give mutations
  9976 | D:10     | Gained mutation: You are clumsy. (Dex -2) [Xom's mischief]
  9976 | D:10     | Gained mutation: Your muscles are strong. (Str +2) [Xom's
                  | mischief]
  9976 | D:10     | Lost mutation: You have a pair of antennae on your head.
                  | [Xom's mischief]
  9978 | D:10     | Noticed Joseph
  9985 | D:10     | XOM: confuse monster(s)
  9996 | D:10     | Killed Joseph
 10004 | D:10     | Killed Maurice
 10039 | D:10     | XOM: chaos cloud
 10041 | D:10     | XOM: blink monster(s)
 10047 | D:10     | XOM: noise
 10060 | D:10     | Acquired a +0 broad axe of pain
 10075 | D:10     | Found a stormy altar of Qazlal.
 10139 | D:10     | Found a staircase to the Lair.
 10166 | D:10     | XOM: silly message
 10192 | D:10     | XOM: torment (39/75 hp)
 10201 | D:10     | Found Deulahul's Antique Weapon Shoppe.
 10211 | D:10     | XOM: polymorph white imp -> crimson imp
 10252 | D:10     | XOM: cleaving
 10255 | D:10     | XOM: enchant monster (bad)
 10292 | D:10     | XOM: summons friendly ufetubus
 10333 | D:10     | Found Jahinkuu's Armour Shop.
 10342 | D:10     | XOM: noise
 10350 | D:10     | Bought the +0 pair of fencer's gloves {Riposte Dex+3} for
                  | 520 gold pieces
 10350 | D:10     | Found the +0 pair of fencer's gloves {Riposte Dex+3}
 10806 | D:11     | Noticed a cyan ugly thing
 10819 | D:11     | Killed a cyan ugly thing
 10820 | D:11     | Noticed a two-headed ogre
 10821 | D:11     | XOM: confuse monster(s)
 10830 | D:11     | Killed a two-headed ogre
 10831 | D:11     | Reached skill level 16 in Axes
 10838 | D:11     | XOM: give mutations
 10838 | D:11     | Gained mutation: Your mind is very acute. (Int +4) [Xom's
                  | grace]
 10838 | D:11     | Gained mutation: You possess an exceptional clarity of
                  | mind. [Xom's grace]
 10838 | D:11     | Gained mutation: You have supernaturally acute eyesight.
                  | (SInv) [Xom's grace]
 10838 | D:11     | Gained mutation: You evolve. [Xom's grace]
 10881 | D:11     | Reached skill level 1 in Evocations
 10885 | D:11     | XOM: silly message
 10920 | D:11     | XOM: summons 7 friendly demons
 10980 | D:11     | XOM: give mutations
 10980 | D:11     | Lost mutation: Your system is resistant to poisons. (rPois)
                  | [Xom's mischief]
 10980 | D:11     | Lost mutation: You are clumsy. (Dex -2) [Xom's mischief]
 10980 | D:11     | Lost mutation: You possess an exceptional clarity of mind.
                  | [Xom's mischief]
 10980 | D:11     | Lost mutation: Your mind is very acute. (Int +4) [Xom's
                  | mischief]
 11136 | D:11     | XOM: give mutations
 11136 | D:11     | Lost mutation: Your muscles are strong. (Str +2) [Xom's
                  | mischief]
 11136 | D:11     | Lost mutation: Your flesh is heat resistant. (rF+) [Xom's
                  | mischief]
 11136 | D:11     | Lost mutation: You evolve. [Xom's mischief]
 11163 | D:12     | Noticed a deep elf mage
 11163 | D:12     | Noticed a two-headed ogre
 11164 | D:12     | Noticed a deep elf archer
 11164 | D:12     | Found a runed translucent door.
 11164 | D:12     | Noticed a deep elf mage
 11185 | D:12     | Noticed an unseen horror
 11186 | D:12     | XOM: confuse monster(s)
 11191 | D:12     | XOM: fog
 11196 | D:12     | Killed an unseen horror
 11197 | D:12     | Reached skill level 5 in Evocations
 11202 | D:12     | Noticed Urug
 11203 | D:12     | XOM: summons friendly crimson imp
 11227 | D:12     | XOM: god gift: whip {god gift}
 11280 | D:12     | Noticed a two-headed ogre
 11281 | D:12     | XOM: divination: detect items
 11303 | D:12     | Killed a two-headed ogre
 11308 | D:12     | Reached XP level 12. HP: 49/81 MP: 12/12
 11326 | D:12     | Killed Urug
 11340 | D:12     | Noticed a two-headed ogre
 11344 | D:12     | XOM: silly message
 11345 | D:12     | XOM: potion effect (haste)
 11350 | D:12     | Killed a two-headed ogre
 11477 | D:12     | XOM: potion effect (brilliance)
 11496 | D:12     | XOM: potion effect (curing)
 11502 | D:12     | XOM: silly message
 11679 | D:12     | Reached skill level 1 in Dodging
 11847 | D:12     | XOM: butterfly on damage
 11848 | D:12     | Noticed an ettin
 11851 | D:12     | XOM: butterfly on damage
 11863 | D:12     | Identified the amulet of Wecor {Spirit Int+4}
 11863 | D:12     | Noticed a tengu warrior
 11903 | D:11     | XOM: noise
 11922 | D:11     | XOM: silly message
 11925 | D:11     | XOM: silly message
 11961 | D:11     | XOM: silly message
 12120 | D:11     | XOM: smoke on damage
 12184 | D:11     | XOM: divination: magic mapping
 12515 | D:12     | XOM: silly message
 12573 | D:13     | XOM: stealth player
 12573 | D:13     | Noticed Azrael
 12599 | D:13     | Noticed a centaur warrior
 12618 | D:12     | XOM: silly message
 12733 | Lair:1   | Entered Level 1 of the Lair of Beasts
 12756 | Lair:1   | Noticed a four-headed hydra
 12851 | Lair:1   | XOM: potion effect (brilliance)
 12853 | Lair:1   | XOM: cast spell 'Call Canine Familiar'
 12913 | Lair:1   | Reached skill level 5 in Fighting
 12999 | Lair:1   | XOM: blink monster(s)
 13004 | Lair:1   | XOM: divination: magic mapping
 13005 | Lair:1   | XOM: summons 2 friendly demons
 13006 | Lair:1   | XOM: polymorph ufetubus -> shadow imp
 13018 | Lair:1   | XOM: enchant monster (bad)
 13136 | Lair:1   | XOM: snakes to sticks
 13137 | Lair:1   | XOM: fake destruction
 13139 | Lair:1   | XOM: cast spell 'Discord'
 13142 | Lair:1   | Killed a four-headed hydra
 13204 | Lair:1   | XOM: divination: magic mapping
 13208 | Lair:1   | Noticed Erica
 13210 | Lair:1   | XOM: confusion (+ monsters)
 13231 | Lair:1   | Killed Erica
 13248 | Lair:1   | XOM: noise
 13282 | Lair:1   | Found a runed translucent gate.
 13282 | Lair:1   | Found a runed translucent gate.
 13282 | Lair:1   | Found a runed translucent gate.
 13420 | Lair:1   | Noticed rewtre123's ghost (journeyman MiFi)
 13543 | Lair:1   | XOM: noise
 13596 | Lair:2   | Found a white marble altar of Elyvilon.
 13642 | Lair:2   | XOM: confuse monster(s)
 13643 | Lair:2   | XOM: cast spell 'Dispersal'
 13692 | Lair:2   | XOM: give mutations
 13692 | Lair:2   | Gained mutation: You are covered in fur. (AC +1) [Xom's
                  | mischief]
 13692 | Lair:2   | Gained mutation: You are frail. (-10% HP) [Xom's mischief]
 13692 | Lair:2   | Gained mutation: You are weak. (Str -2) [Xom's mischief]
 13812 | Lair:2   | Found a staircase to the Shoals.
 13817 | Lair:2   | XOM: fog
 13826 | Lair:3   | Reached XP level 13. HP: 59/89 MP: 13/13
 13828 | Lair:3   | XOM: cast spell 'Metabolic Englaciation'
 13977 | Lair:2   | XOM: divination: detect creatures
 13989 | Lair:2   | XOM: confuse monster(s)
 14384 | Lair:3   | Found a staircase to the Snake Pit.
 14413 | Lair:3   | Noticed Fannar
 14430 | Lair:3   | Killed Fannar
 14572 | Lair:3   | Reached skill level 1 in Polearms
 14899 | Lair:3   | Lost mutation: You are resistant to electric shocks.
                  | (rElec) [potion of mutation]
 14899 | Lair:3   | Lost mutation: Your mind is acute. (Int +2) [potion of
                  | mutation]
 14899 | Lair:3   | Lost mutation: You have supernaturally acute eyesight.
                  | (SInv) [potion of mutation]
 14899 | Lair:3   | Lost mutation: You are weak. (Str -2) [potion of mutation]
 15196 | Lair:4   | XOM: silly message
 15317 | Lair:4   | XOM: summons 4 friendly demons
 15360 | Lair:4   | XOM: scenery: summon butterflies
 15685 | Lair:4   | XOM: cloud trail
 15800 | Lair:5   | XOM: scenery: create altars
 15883 | Lair:5   | Noticed Nessos
 15965 | Lair:4   | XOM: stat loss: -1 Dex (18/19)
 16307 | Lair:5   | XOM: enchant monster (good)
 16331 | Lair:5   | XOM: summons 8 friendly demons
 16646 | Lair:5   | Killed Nessos
 16647 | Lair:5   | Reached skill level 17 in Axes
 16676 | Lair:6   | Entered Level 6 of the Lair of Beasts
 16686 | Lair:6   | XOM: blink monster(s)
 16690 | Lair:6   | XOM: blink monster(s)
 16692 | Lair:6   | XOM: silly message
 16695 | Lair:6   | XOM: cleaving
 16702 | Lair:6   | XOM: summons friendly iron imp
 16720 | Lair:6   | XOM: confuse monster(s)
 16744 | Lair:6   | XOM: enchant monster (good)
 16754 | Lair:6   | XOM: 4-stop teleportation journey
 16776 | Lair:6   | XOM: polymorph cane toad -> steam dragon
 16781 | Lair:6   | XOM: confusion (+ monsters)
 16805 | Lair:6   | XOM: silly message
 16810 | Lair:5   | XOM: noise
 16847 | Lair:5   | XOM: give mutations
 16847 | Lair:5   | Lost mutation: You are frail. (-10% HP) [Xom's mischief]
 16847 | Lair:5   | Gained mutation: You are clumsy. (Dex -2) [Xom's mischief]
 16847 | Lair:5   | Gained mutation: You are weak. (Str -2) [Xom's mischief]
 16936 | Lair:6   | XOM: confusion
 16948 | Lair:6   | XOM: 2-stop teleportation journey
 17039 | Lair:6   | XOM: god gift: glowing spear {god gift}
 17067 | Lair:6   | XOM: 1-stop teleportation journey
 17086 | Lair:6   | XOM: confuse monster(s)
 17097 | Lair:6   | XOM: potion effect (curing)
 17245 | Lair:6   | XOM: potion effect (invisibility)
 17246 | Lair:6   | XOM: scenery: create altars
 17270 | Lair:6   | Gained mutation: You are partially covered in sharp spines.
                  | [demonic ancestry]
 17270 | Lair:6   | Reached XP level 14. HP: 108/108 MP: 14/14
 17278 | Lair:6   | XOM: 1-stop teleportation journey
 17311 | Lair:6   | XOM: enchant monster (good)
 17473 | Lair:6   | XOM: polymorph blink frog -> shapeshifter
 17492 | Lair:6   | Noticed Josephine
 17501 | Lair:6   | XOM: enchant monster (good)
 17507 | Lair:6   | XOM: confuse monster(s)
 17512 | Lair:6   | Killed Josephine
 17666 | Lair:6   | Reached skill level 10 in Evocations
 17763 | Lair:6   | Found a runed translucent door.
 17799 | Lair:6   | XOM: 1-stop teleportation journey
 18094 | Lair:6   | XOM: scenery: create altars
 18122 | Lair:6   | XOM: scenery: summon butterflies
 18208 | Lair:6   | Reached skill level 5 in Dodging
 18210 | Lair:6   | XOM: divine lightning
 18248 | Lair:6   | XOM: cast spell 'Death Channel'
 18250 | Lair:6   | XOM: divination: magic mapping
 18266 | Lair:6   | XOM: enchant monster (good)
 18414 | Lair:6   | Paralysed by a hornet for 2 turns
 18416 | Lair:6   | XOM: summons friendly white imp
 18432 | Lair:6   | XOM: polymorph torpor snail -> death drake
 18522 | Lair:6   | XOM: silly message
 18561 | Lair:6   | XOM: summons 7 friendly demons
 18703 | Lair:6   | XOM: summons 6 friendly demons
 18988 | Lair:6   | Found a staircase to the Slime Pits.
 19475 | Orc:1    | XOM: polymorph warg -> naga
 19484 | Orc:1    | XOM: give mutations
 19484 | Orc:1    | Gained mutation: You are robust. (+10% HP) [Xom's grace]
 19484 | Orc:1    | Gained mutation: You have claws for feet. [Xom's grace]
 19484 | Orc:1    | Gained mutation: You are covered in thick fur. (AC +2)
                  | [Xom's grace]
 19662 | Orc:1    | XOM: give mutation
 19662 | Orc:1    | Gained mutation: You have an increased reservoir of magic.
                  | (+10% MP) [Xom's grace]
 19972 | Orc:2    | Entered Level 2 of the Orcish Mines
 19987 | Orc:2    | XOM: polymorph orc priest -> human
 19989 | Orc:2    | XOM: cast spell 'Olgreb's Toxic Radiance'
 20010 | Orc:2    | XOM: fog
 20014 | Orc:2    | XOM: summons 2 friendly demons
 20030 | Orc:2    | XOM: polymorph orc priest -> howler monkey
 20036 | Orc:2    | XOM: silly message
 20060 | Orc:2    | Found a staircase to the Elven Halls.
 20096 | Orc:2    | XOM: summons 8 hostile demons
 20105 | Orc:2    | XOM: blink monster(s)
 20116 | Orc:2    | Found Maggad's Antique Armour Boutique.
 20116 | Orc:2    | XOM: 1-stop teleportation journey
 20182 | Orc:2    | Found a burning altar of Makhleb.
 20222 | Orc:2    | XOM: divination: magic mapping
 20296 | Orc:2    | Found Gival's Antique Weapon Boutique.
 20303 | Orc:2    | Found Gucyun's Antique Armour Shop.
 20303 | Orc:2    | Found Hesised's Book Shop.
 20308 | Orc:2    | XOM: confusion (+ monsters)
 20327 | Orc:2    | XOM: noise
 20345 | Orc:2    | XOM: polymorph ice devil -> orange demon
 20371 | Orc:1    | XOM: smoke on damage
 20501 | Orc:2    | XOM: enchant monster (good)
 20540 | Orc:2    | Bought a book of Necromancy for 330 gold pieces
 20640 | Orc:2    | XOM: give mutations
 20640 | Orc:2    | Lost mutation: You can translocate small distances at will.
                  | [Xom's mischief]
 20640 | Orc:2    | Lost mutation: You have a pair of small antennae on your
                  | head. [Xom's mischief]
 20733 | Orc:2    | XOM: give mutation
 20733 | Orc:2    | Gained mutation: You are very weak. (Str -4) [Xom's
                  | mischief]
 20760 | Orc:2    | XOM: polymorph bat -> fire bat
 20808 | Orc:2    | XOM: scenery: create altars
 21056 | Orc:2    | XOM: divination: magic mapping
 21234 | Snake:1  | Entered Level 1 of the Snake Pit
 21252 | Snake:1  | Found Sovudos's Antique Weapon Shop.
 21256 | Snake:1  | Found Hiwokkoy's Weapon Boutique.
 21257 | Snake:1  | Found Nacwoilu's Antique Armour Shop.
 21269 | Snake:1  | Bought the +0 mask of the Dragon {Will+ Slay+3 SInv} for
                  | 1002 gold pieces
 21269 | Snake:1  | Found the +0 mask of the Dragon {Will+ Slay+3 SInv}
 21433 | Snake:1  | Reached skill level 10 in Dodging
 21543 | Snake:1  | XOM: summons 4 friendly demons
 21569 | Snake:1  | XOM: 1-stop teleportation journey
 21570 | Snake:1  | XOM: summons 14 friendly demons
 21573 | Snake:1  | Reached XP level 15. HP: 93/125 MP: 16/16
 21726 | Snake:1  | XOM: silly message
 22209 | Snake:1  | XOM: enchant monster (good)
 22211 | Snake:1  | XOM: noise
 22212 | Snake:1  | XOM: cast spell 'Monstrous Menagerie'
 22224 | Snake:1  | XOM: snakes to sticks
 22227 | Snake:1  | XOM: noise
 22233 | Snake:1  | XOM: confusion
 22413 | Snake:1  | XOM: polymorph naga -> acid dragon
 22447 | Snake:2  | XOM: potion effect (might)
 22450 | Snake:2  | XOM: silly message
 22451 | Snake:2  | XOM: potion effect (haste)
 22540 | Snake:2  | XOM: noise
 22549 | Snake:2  | Noticed Jorgrun
 22558 | Snake:2  | XOM: enchant monster (good)
 22564 | Snake:2  | Killed Jorgrun
 22579 | Snake:2  | XOM: summons friendly crimson imp
 22695 | Snake:2  | XOM: 5-stop teleportation journey
 22706 | Snake:2  | XOM: blink monster(s)
 22751 | Snake:2  | Found a shimmering altar of Xom.
 22782 | Snake:2  | Noticed a nagaraja
 22785 | Snake:2  | XOM: noise
 22894 | Snake:2  | XOM: draining
 23005 | Snake:2  | XOM: noise
 23012 | Snake:2  | Killed a nagaraja
 23051 | Snake:2  | XOM: noise
 23183 | Snake:2  | XOM: give mutation
 23183 | Snake:2  | Lost mutation: You are clumsy. (Dex -2) [Xom's mischief]
 23472 | Snake:2  | XOM: stat loss: -1 Str (9/10)
 23563 | Snake:3  | Found Dudequn's Mass Market.
 23655 | Snake:3  | XOM: draining
 23676 | Snake:3  | Reached skill level 18 in Axes
 23783 | Snake:1  | XOM: silly message
 23868 | D:9      | XOM: noise
 23884 | D:9      | XOM: draining
 23924 | Orc:2    | Bought a runed buckler for 232 gold pieces
 23988 | D:9      | XOM: noise
 24181 | Snake:3  | Reached skill level 1 in Shields
 24312 | Snake:3  | XOM: give mutations
 24312 | Snake:3  | Gained mutation: Your body sometimes deteriorates upon
                  | taking damage. [Xom's mischief]
 24312 | Snake:3  | Lost mutation: Your body sometimes deteriorates upon taking
                  | damage. [Xom's mischief]
 24312 | Snake:3  | Gained mutation: You are resistant to electric shocks.
                  | (rElec) [Xom's mischief]
 24312 | Snake:3  | Lost mutation: You are very weak. (Str -4) [Xom's mischief]
 24567 | Snake:3  | XOM: chaos cloud
 24569 | Snake:3  | Paralysed by you for 4 turns
 24635 | Snake:3  | XOM: cloud trail
 25002 | Snake:3  | XOM: noise
 25060 | Snake:3  | XOM: silly message
 25246 | Snake:3  | XOM: silly message
 25327 | Snake:4  | Entered Level 4 of the Snake Pit
 25347 | Snake:4  | XOM: god gift: 1236 gold pieces
 25385 | Snake:4  | XOM: summons friendly crimson imp
 25388 | Snake:4  | XOM: blink monster(s)
 25520 | Snake:4  | XOM: give mutation
 25520 | Snake:4  | Gained mutation: You evolve. [Xom's grace]
 25582 | Snake:4  | XOM: summons 4 hostile demons
 25630 | Snake:4  | XOM: enchant monster (good)
 25749 | Snake:4  | XOM: enchant monster (bad)
 25753 | Snake:4  | XOM: silly message
 25755 | Snake:4  | XOM: cast spell 'Summon Ice Beast'
 25767 | Snake:4  | XOM: noise
 25883 | Snake:4  | XOM: smoke on damage
 25885 | Snake:4  | XOM: snakes to sticks
 25886 | Snake:4  | Noticed a nagaraja
 25920 | Snake:4  | XOM: confuse monster(s)
 25927 | Snake:4  | Mutation became permanent: You have razor-sharp toenails.
                  | [demonic ancestry]
 25927 | Snake:4  | Gained mutation: You have claws for feet. [demonic
                  | ancestry]
 25927 | Snake:4  | Reached XP level 16. HP: 132/132 MP: 17/17
 25935 | Snake:4  | XOM: confuse monster(s)
 25937 | Snake:4  | XOM: enchant monster (good)
 25996 | Snake:4  | XOM: cast spell 'Discord'
 26055 | Snake:4  | XOM: cleaving
 26056 | Snake:4  | XOM: fog
 26067 | Snake:4  | XOM: potion effect (might)
 26071 | Snake:4  | XOM: enchant monster (good)
 26072 | Snake:4  | XOM: summons 2 friendly demons
 26175 | Snake:4  | XOM: fog
 26176 | Snake:4  | XOM: summons 2 friendly demons
 26200 | Snake:4  | XOM: polymorph naga warrior -> queen bee
 26202 | Snake:4  | XOM: enchant monster (good)
 26212 | Snake:4  | XOM: summons 5 friendly demons
 26350 | Snake:4  | XOM: god gift: 23 stones
 26356 | Snake:4  | XOM: divination: magic mapping
 26361 | Snake:4  | XOM: enchant monster (good)
 26385 | Snake:4  | XOM: noise
 26594 | Snake:4  | XOM: enchant monster (good)
 26599 | Snake:4  | XOM: enchant monster (bad)
 26603 | Snake:4  | XOM: destruction
 26624 | Snake:4  | XOM: blink monster(s)
 26783 | Snake:4  | XOM: cast spell 'Metabolic Englaciation'
 26798 | Snake:4  | XOM: polymorph naga mage -> yak
 26865 | Snake:4  | XOM: chaos upgrade
 26882 | Snake:4  | XOM: divination: magic mapping
 27057 | Snake:3  | XOM: cloud trail
 27119 | Snake:4  | XOM: summons 9 hostile demons
 27154 | Snake:4  | XOM: enchant monster (bad)
 27158 | Snake:4  | XOM: polymorph nagaraja -> shock serpent
 27195 | Snake:4  | Reached skill level 10 in Fighting
 27270 | Snake:4  | XOM: summons 4 hostile demons
 27395 | Snake:4  | XOM: silly message
 27475 | Snake:4  | XOM: swap monsters
 27477 | Snake:4  | XOM: noise
 27498 | Snake:4  | XOM: confuse monster(s)
 27499 | Snake:4  | XOM: cast spell 'Shadow Creatures'
 27631 | Snake:4  | Got a serpentine rune of Zot
 27795 | Snake:4  | XOM: stat loss: -1 Int (18/19)
 27991 | Shoals:1 | Entered Level 1 of the Shoals
 28016 | Shoals:1 | XOM: 1-stop teleportation journey
 28143 | Shoals:1 | XOM: potion effect (might)
 28145 | Shoals:1 | XOM: summons friendly ufetubus
 28147 | Shoals:1 | XOM: enchant monster (good)
 28238 | Shoals:1 | XOM: noise
 28249 | Shoals:1 | XOM: noise
 28255 | Shoals:1 | XOM: enchant monster (good)
 28278 | Shoals:1 | XOM: potion effect (brilliance)
 28556 | Shoals:1 | XOM: silly message
 28650 | Shoals:1 | XOM: divination: magic mapping
 28969 | Shoals:2 | Found Giomosep's Weapon Boutique.
 29171 | Shoals:2 | XOM: enchant monster (good)
 29172 | Shoals:2 | XOM: noise
 29182 | Shoals:2 | XOM: divination: detect creatures
 29183 | Shoals:2 | XOM: give mutations
 29183 | Shoals:2 | Gained mutation: You have sharp fingernails. [Xom's
                  | mischief]
 29183 | Shoals:2 | Gained mutation: You are clumsy. (Dex -2) [Xom's mischief]
 29183 | Shoals:2 | Gained mutation: Potions are less effective at restoring
                  | your health. [Xom's mischief]
 29370 | Shoals:2 | XOM: enchant monster (bad)
 29585 | Shoals:2 | XOM: give mutations
 29585 | Shoals:2 | Lost mutation: You are weak. (Str -2) [Xom's mischief]
 29585 | Shoals:2 | Gained mutation: You are weak. (Str -2) [Xom's mischief]
 29585 | Shoals:2 | Lost mutation: You evolve. [Xom's mischief]
 29585 | Shoals:2 | Gained mutation: You are somewhat resistant to further
                  | mutation. [Xom's mischief]
 29585 | Shoals:2 | Lost mutation: You are clumsy. (Dex -2) [Xom's mischief]
 29647 | Shoals:3 | Found a frozen archway.
 29764 | Shoals:3 | XOM: confuse monster(s)
 29766 | Shoals:3 | XOM: polymorph ice beast -> sky beast
 29787 | Shoals:3 | XOM: confusion
 29788 | IceCv    | Entered an ice cave
 29919 | IceCv    | Reached XP level 17. HP: 92/149 MP: 18/18
 30028 | IceCv    | XOM: enchant monster (bad)
 30211 | IceCv    | Noticed an Ice Fiend
 30213 | IceCv    | Noticed an Ice Fiend
 30223 | IceCv    | XOM: swap monsters
 30226 | IceCv    | Killed an Ice Fiend
 30231 | IceCv    | Killed an Ice Fiend
 30248 | IceCv    | Got a masterwork demon trident
 30293 | IceCv    | XOM: give mutations
 30293 | IceCv    | Gained mutation: You are dopey. (Int -2) [Xom's mischief]
 30293 | IceCv    | Lost mutation: You are robust. (+10% HP) [Xom's mischief]
 30293 | IceCv    | Lost mutation: Potions are less effective at restoring your
                  | health. [Xom's mischief]
 30293 | IceCv    | Lost mutation: You are weak. (Str -2) [Xom's mischief]
 30405 | Shoals:3 | Identified the +8 demon trident of Hell's Wrath {freeze,
                  | rC+ Dex+3} (You found it in an ice cave)
 30479 | Shoals:3 | XOM: enchant monster (bad)
 30510 | Shoals:3 | XOM: give mutations
 30510 | Shoals:3 | Gained mutation: Your body sometimes deteriorates upon
                  | taking damage. [Xom's mischief]
 30510 | Shoals:3 | Gained mutation: You are weak. (Str -2) [Xom's mischief]
 30533 | Shoals:3 | HP: 1/136 [water nymph/the raging water (19)]
 30571 | Shoals:3 | XOM: chaos upgrade
 30658 | Shoals:2 | XOM: draining
 30699 | Shoals:3 | XOM: smoke on damage
 30699 | Shoals:3 | XOM: torment (54/117 hp)
 30712 | Shoals:3 | XOM: repel stairs
 30725 | Shoals:3 | XOM: summons 9 hostile demons
 30783 | Shoals:2 | XOM: 5-stop teleportation journey
 30822 | Shoals:2 | XOM: stat loss: -1 Dex (19/20)
 30988 | D:9      | XOM: give mutations
 30988 | D:9      | Lost mutation: You are resistant to electric shocks.
                  | (rElec) [Xom's mischief]
 30988 | D:9      | Gained mutation: Your body often deteriorates upon taking
                  | damage. [Xom's mischief]
 30988 | D:9      | Lost mutation: Your body often deteriorates upon taking
                  | damage. [Xom's mischief]
 31139 | D:13     | Reached skill level 1 in Necromancy
 31212 | D:13     | XOM: divination: magic mapping
 31214 | D:13     | Killed Azrael
 31214 | D:13     | XOM: destruction
 31215 | D:13     | XOM: summons 2 friendly demons
 31263 | D:12     | XOM: noise
 31360 | D:13     | XOM: confuse monster(s)
 31420 | D:13     | XOM: cast spell 'Cause Fear'
 31435 | D:13     | XOM: confuse monster(s)
 31446 | D:13     | Learned a level 1 spell: Animate Skeleton
 31455 | D:13     | Found Wegazu's Antique Armour Emporium.
 31463 | D:13     | Bought a spiked buckler for 285 gold pieces
 31530 | D:13     | XOM: silly message
 31536 | D:13     | Reached skill level 5 in Necromancy
 31562 | D:13     | XOM: confuse monster(s)
 31645 | D:13     | Found a gate to the Vaults.
 31704 | D:13     | Identified the +3 buckler "Saeryufa" {rElec rN+ Dex+4} (You
                  | bought it in a shop on level 13 of the Dungeon)
 31992 | D:13     | XOM: summons 2 hostile shadow creatures
 32172 | D:14     | XOM: blink monster(s)
 32226 | D:14     | XOM: 3-stop teleportation journey
 32244 | D:14     | XOM: summons friendly ufetubus
 32254 | D:14     | XOM: confuse monster(s)
 32271 | D:14     | XOM: confuse monster(s)
 32276 | D:14     | XOM: summons 2 friendly demons
 32287 | D:14     | XOM: silly message
 32295 | D:14     | XOM: divination: magic mapping
 32303 | D:14     | XOM: summons friendly ufetubus
 32305 | D:14     | XOM: enchant monster (bad)
 32367 | D:14     | Found a transporter.
 32591 | D:14     | Found a transporter.
 32869 | D:15     | Entered Level 15 of the Dungeon
 32936 | D:15     | XOM: noise
 32937 | D:15     | XOM: swap monsters
 32946 | D:15     | XOM: enchant monster (bad)
 33090 | D:15     | Noticed Roxanne
 33090 | D:15     | XOM: confusion
 33138 | D:15     | XOM: chaos upgrade
 33140 | D:15     | XOM: summons 2 friendly demons
 33157 | D:15     | XOM: enchant monster (bad)
 33470 | D:15     | XOM: silly message
 33478 | D:15     | Found a staircase to the Depths.
 33557 | D:15     | XOM: noise
 33720 | D:14     | XOM: divination: detect creatures
 33871 | Shoals:3 | XOM: silly message
 33931 | Shoals:3 | XOM: 1-stop teleportation journey
 33978 | Shoals:4 | Entered Level 4 of the Shoals
 33990 | Shoals:4 | XOM: chaos upgrade
 34012 | Shoals:4 | Reached skill level 10 in Necromancy
 34028 | Shoals:4 | XOM: summons friendly chaos spawn
 34053 | Shoals:4 | XOM: chaos upgrade
 34085 | Shoals:4 | XOM: draining
 34091 | Shoals:4 | XOM: confusion (+ monsters)
 34107 | Shoals:4 | Noticed Louise
 34126 | Shoals:4 | Killed Louise
 34148 | Shoals:4 | Learned a level 1 spell: Pain
 34189 | Shoals:4 | XOM: cast spell 'Summon Dragon'
 34307 | Shoals:4 | Reached XP level 18. HP: 118/143 MP: 19/19
 34354 | Shoals:4 | Got a barnacled rune of Zot
 34384 | Shoals:4 | XOM: 3-stop teleportation journey
 34406 | Shoals:4 | XOM: swap monsters
 34609 | Elf:1    | Entered Level 1 of the Elven Halls
 34724 | Elf:1    | Noticed Agnes
 34731 | Elf:1    | XOM: smoke on damage
 34733 | Elf:1    | Killed Agnes
 34799 | Elf:1    | XOM: 1-stop teleportation journey
 35236 | Elf:1    | XOM: give mutations
 35236 | Elf:1    | Gained mutation: You are robust. (+10% HP) [Xom's grace]
 35236 | Elf:1    | Gained mutation: You can translocate small distances at
                  | will. [Xom's grace]
 35330 | Elf:1    | XOM: summons friendly crimson imp
 35338 | Elf:1    | XOM: blink monster(s)
 35553 | Elf:1    | XOM: 1-stop teleportation journey
 35642 | Elf:1    | Found the +3 robe of Folly {Archmagi, Will-- Int+5}
 36027 | Elf:1    | XOM: cloud trail
 36044 | Elf:2    | Found Senwinea's Book Shoppe.
 36059 | Elf:2    | Bought a book of Unlife for 1365 gold pieces
 36082 | Elf:2    | Found a runed translucent gate.
 36083 | Elf:2    | Found a runed translucent gate.
 36101 | Elf:2    | Found a runed translucent gate.
 36198 | Elf:2    | XOM: cast spell 'Shadow Creatures'
 36214 | Elf:2    | XOM: potion effect (curing)
 36232 | Elf:2    | XOM: confuse monster(s)
 36239 | Elf:2    | Reached skill level 15 in Necromancy
 36257 | Elf:2    | XOM: potion effect (heal wounds)
 36263 | Elf:2    | XOM: potion effect (might)
 36268 | Elf:2    | XOM: silly message
 36359 | Elf:2    | XOM: smoke on damage
 36364 | Elf:2    | XOM: potion effect (invisibility)
 36368 | Elf:2    | XOM: scenery: 2 doors close
 36401 | Elf:2    | XOM: god gift: triple sword {god gift}
 36426 | Elf:2    | Reached skill level 19 in Axes
 36429 | Elf:3    | Entered Level 3 of the Elven Halls
 36531 | Elf:3    | XOM: cleaving
 36536 | Elf:3    | XOM: destruction
 36538 | Elf:3    | XOM: god gift: 7 javelins
 36539 | Elf:3    | XOM: polymorph deep elf mage -> shock serpent
 36697 | Elf:3    | XOM: summons 12 friendly demons
 36700 | Elf:3    | XOM: give mutations
 36700 | Elf:3    | Gained mutation: Your flesh is heat resistant. (rF+) [Xom's
                  | grace]
 36700 | Elf:3    | Gained mutation: Your system is resistant to poisons.
                  | (rPois) [Xom's grace]
 36851 | Elf:3    | XOM: polymorph electric eel -> shapeshifter
 36858 | Elf:3    | Noticed Nikola
 36861 | Elf:3    | XOM: fog
 36870 | Elf:3    | Killed Nikola
 36876 | Elf:3    | XOM: summons friendly shadow imp
 37030 | Elf:2    | Gained mutation: You are mostly covered in sharp spines.
                  | [demonic ancestry]
 37030 | Elf:2    | Reached XP level 19. HP: 163/163 MP: 20/20
 37035 | Elf:2    | XOM: destruction
 37059 | Elf:2    | Learned a level 6 spell: Death Channel
 37086 | Elf:2    | XOM: enchant monster (good)
 37091 | Elf:2    | XOM: summons 14 friendly demons
 37329 | Elf:2    | XOM: summons friendly quasit
 37574 | Elf:3    | Found Siall's Antique Armour Emporium.
 37946 | Elf:3    | Reached skill level 20 in Axes
 37987 | Elf:3    | Identified the cursed +2 battleaxe "Erghownuiru" {freeze,
                  | +Blink rN+ Int+4}
 37993 | Elf:3    | XOM: god gift: twisted sapphire amulet {god gift}
 38185 | Elf:3    | Identified the ring "Etiofes" {Will+ Dex+7}
 38185 | Elf:3    | XOM: scenery: create altars
 38185 | Elf:3    | Identified the +12 whip "Ceheh" {speed, rC++ rN++}
 38387 | D:9      | XOM: god gift: potion of curing
 38495 | Vaults:1 | Entered Level 1 of the Vaults
 38531 | Vaults:1 | XOM: confuse monster(s)
 38541 | Vaults:1 | XOM: destruction
 38686 | Vaults:1 | XOM: summons friendly ufetubus
 39033 | Vaults:1 | XOM: god gift: 49 gold pieces
 39168 | Vaults:1 | XOM: divination: detect items
 39181 | Vaults:1 | Reached skill level 5 in Shields
 39195 | Vaults:1 | XOM: give mutation
 39195 | Vaults:1 | Lost mutation: You are somewhat resistant to further
                  | mutation. [Xom's grace]
 39195 | Vaults:1 | Gained mutation: You evolve. [Xom's grace]
 39398 | Vaults:1 | XOM: god gift: glowing broad axe {god gift}
 39616 | Vaults:1 | Noticed Donald
 39628 | Vaults:1 | Killed Donald
 39651 | Vaults:1 | XOM: smoke on damage
 39861 | Vaults:1 | XOM: torment (91/163 hp)
 40132 | Vaults:1 | XOM: god gift: fine ruby amulet {god gift}
 40133 | Vaults:1 | Identified the amulet "Temnevoy" {Spirit rN+ Will- Int+3
                  | Dex+4} (Xom gifted it to you on level 1 of the Vaults)
 40315 | Vaults:2 | XOM: scenery: create altars
 40380 | Vaults:2 | XOM: give mutations
 40380 | Vaults:2 | Gained mutation: You have a pair of small horns on your
                  | head. [Xom's grace]
 40380 | Vaults:2 | Gained mutation: You rapidly evolve. [Xom's grace]
 40383 | Vaults:2 | Found a staircase to the Crypt.
 40409 | Vaults:2 | XOM: polymorph boulder beetle -> sea snake
 40410 | Vaults:2 | XOM: chaos cloud
 40472 | Vaults:2 | XOM: give mutation
 40472 | Vaults:2 | Lost mutation: You are weak. (Str -2) [Xom's mischief]
 40488 | Vaults:2 | Learned a level 3 spell: Vampiric Draining
 40843 | Vaults:2 | XOM: 1-stop teleportation journey
 40934 | Vaults:2 | You fall into a shaft and drop 1 floor!
 41092 | Vaults:3 | Reached XP level 20. HP: 171/171 MP: 22/22
 41130 | Vaults:3 | Noticed Mara
 41153 | Vaults:3 | XOM: blink monster(s)
 41166 | Vaults:3 | XOM: confuse monster(s)
 41167 | Vaults:3 | XOM: summons 2 friendly demons
 41184 | Vaults:3 | Noticed shitwizard's illusion
 41194 | Vaults:3 | XOM: fake destruction
 41203 | Vaults:3 | XOM: fog
 41212 | Vaults:3 | XOM: chaos cloud
 41214 | Vaults:3 | XOM: confusion
 41216 | Vaults:3 | Noticed Mara
 41216 | Vaults:3 | Mara changed into Mara the reaper
 41216 | Vaults:3 | XOM: polymorph Mara -> Mara the reaper
 41221 | Vaults:3 | XOM: enchant monster (bad)
 41229 | Vaults:3 | XOM: summons 4 friendly demons
 41257 | Vaults:3 | Noticed shitwizard's illusion
 41257 | Vaults:2 | Found Evetej's Assorted Antiques.
 41443 | Vaults:2 | Reached skill level 10 in Shields
 41684 | Vaults:2 | Found a radiant altar of Vehumet.
 41715 | Vaults:2 | Identified the +1 robe of Henotheism {rPois Will+ Int+2
                  | Dex+4} (You found it on level 2 of the Vaults)
 42151 | Vaults:3 | Noticed Sojobo
 42172 | Vaults:3 | XOM: enchant monster (good)
 42181 | Vaults:3 | Killed Sojobo
 42229 | Vaults:3 | XOM: polymorph great orb of eyes -> shapeshifter
 42347 | Vaults:3 | XOM: cast spell 'Statue Form'
 42406 | Vaults:3 | XOM: scenery: 1 doors open
 42408 | Vaults:3 | Found a runed translucent door.
 42408 | Vaults:3 | Found a shimmering altar of Xom.
 42409 | Vaults:3 | Noticed Anosyof's ghost (adept CeHu)
 42421 | Vaults:3 | Paralysed by a +1 quarterstaff of chaos for 2 turns
 42437 | Vaults:3 | XOM: fake destruction
 42450 | Vaults:3 | XOM: fog
 42453 | Vaults:3 | Killed Anosyof's ghost
 42690 | Vaults:3 | XOM: 6-stop teleportation journey
 42710 | Vaults:3 | Noticed shitwizard's illusion
 42712 | Vaults:3 | shitwizard's illusion changed into shitwizard the wyvern
 42712 | Vaults:3 | XOM: polymorph shitwizard's illusion -> shitwizard the
                  | wyvern
 42745 | Vaults:3 | Killed Mara
 42761 | Vaults:3 | Reached skill level 21 in Axes
 42779 | Vaults:3 | XOM: enchant monster (good)
 42798 | Vaults:3 | XOM: enchant monster (good)
 42799 | Vaults:3 | XOM: enchant monster (good)
 43020 | Vaults:3 | XOM: cast spell 'Summon Ice Beast'
 43217 | Vaults:3 | Gained mutation: Your muscles are strong. (Str +2)
                  | [evolution]
 43233 | Vaults:3 | XOM: scenery: create altars
 43441 | Vaults:4 | XOM: summons friendly rust devil
 43464 | Vaults:4 | Noticed Aizul
 43472 | Vaults:4 | Killed Aizul
 43687 | Vaults:4 | XOM: god gift: wand of flame (23)
 43725 | Vaults:4 | XOM: give mutations
 43725 | Vaults:4 | Lost mutation: You have a pair of small horns on your head.
                  | [Xom's mischief]
 43725 | Vaults:4 | Lost mutation: You have an increased reservoir of magic.
                  | (+10% MP) [Xom's mischief]
 43725 | Vaults:4 | Lost mutation: You rapidly evolve. [Xom's mischief]
 43737 | Vaults:4 | XOM: god gift: 42 gold pieces
 43834 | Vaults:4 | Gained mutation: You regenerate health from kills. [demonic
                  | ancestry]
 43834 | Vaults:4 | Reached XP level 21. HP: 178/178 MP: 11/21
 43855 | Vaults:4 | Identified the cursed +1 trident of Immorality {speed,
                  | rElec} (You found it on level 4 of the Vaults)
 43905 | Vaults:4 | Found a runed translucent gate.
 43905 | Vaults:4 | Found a runed translucent gate.
 43905 | Vaults:4 | Found a runed translucent gate.
 43908 | Vaults:4 | Found an iron altar of Okawaru.
 43908 | Vaults:4 | Noticed Pigarer's ghost (adept TeAE)
 43917 | Vaults:4 | XOM: divine lightning
 44272 | Vaults:4 | Killed Pigarer's ghost
 44288 | Vaults:4 | Identified the +9 great mace "Zeimees" {holy, rF- rN+
                  | Will++} (You found it on level 4 of the Vaults)
 44402 | Vaults:4 | XOM: cloud trail
 44575 | Vaults:4 | XOM: summons 14 friendly demons
 45189 | Vaults:5 | Entered Level 5 of the Vaults
 45483 | Vaults:5 | XOM: summons friendly white imp
 45499 | Vaults:5 | XOM: scenery: create altars
 45501 | Vaults:5 | XOM: cleaving
 45513 | Vaults:5 | XOM: summons 5 friendly demons
 45517 | Vaults:5 | XOM: scenery: summon butterflies
 45536 | Vaults:5 | XOM: scenery: create altars
 45549 | Vaults:5 | XOM: polymorph vault guard -> queen ant
 45557 | Vaults:5 | XOM: cast spell 'Cause Fear'
 45566 | Vaults:5 | XOM: divination: magic mapping
 45569 | Vaults:5 | XOM: swap monsters
 45574 | Vaults:5 | XOM: summons 1 hostile shadow creature
 45584 | Vaults:5 | XOM: swap monsters
 45591 | Vaults:5 | XOM: summons 3 hostile demons
 45592 | Vaults:5 | XOM: polymorph vault warden -> alligator snapping turtle
 45595 | Vaults:5 | XOM: summons 2 hostile demons
 45601 | Vaults:5 | XOM: cast spell 'Alistair's Intoxication'
 45602 | Vaults:5 | XOM: confuse monster(s)
 45612 | Vaults:5 | Reached skill level 15 in Shields
 45655 | Vaults:5 | Identified the +5 flail "Newtbane" {vorpal, rElec rF+ rN+
                  | Str+4}
 45687 | Vaults:5 | XOM: enchant monster (good)
 45708 | Vaults:5 | XOM: draining
 45710 | Vaults:5 | XOM: swap monsters
 45808 | Vaults:5 | XOM: enchant monster (good)
 45813 | Vaults:5 | XOM: silly message
 45816 | Vaults:5 | XOM: potion effect (curing)
 45819 | Vaults:5 | XOM: divination: detect items
 45840 | Vaults:5 | XOM: divination: detect creatures
 45858 | Vaults:5 | XOM: enchant monster (good)
 45869 | Vaults:5 | Gained mutation: You have an unnaturally thin skeletal
                  | structure. (Dex +6, Stealth++) [demonic ancestry]
 45869 | Vaults:5 | Reached XP level 22. HP: 185/185 MP: 6/22
 46003 | Vaults:5 | XOM: noise
 46035 | Vaults:5 | XOM: 5-stop teleportation journey
 46194 | Vaults:5 | Found the +9 heavy crossbow "Sniper" {vorpal, Acc+∞ SInv}
 46197 | Vaults:5 | Identified the Guide on Igneous Execration
 46283 | Vaults:5 | XOM: summons 2 hostile shadow creatures
 46574 | Vaults:5 | Identified the cursed +0 hunting sling "Cant" {vorpal,
                  | +Blink rC+ rN+ Stlth+} (You found it on level 5 of the
                  | Vaults)
 46790 | Vaults:5 | Got a silver rune of Zot
 47009 | Depths:1 | Entered Level 1 of the Depths
 47193 | Depths:1 | Found a gateway to Hell.
 47204 | Depths:1 | XOM: confusion (+ monsters)
 47306 | Depths:1 | Found a huge runed gate.
 47306 | Depths:1 | Found a huge runed gate.
 47315 | Depths:1 | Found a huge runed gate.
 47342 | Depths:1 | Found a huge runed gate.
 47342 | Depths:1 | Found a huge runed gate.
 47342 | Depths:1 | Found a huge runed gate.
 47343 | Depths:1 | Found a huge runed gate.
 47344 | Depths:1 | Found a huge runed gate.
 47345 | Depths:1 | Found a huge runed gate.
 47346 | Depths:1 | Found a huge runed gate.
 47347 | Depths:1 | Found a huge runed gate.
 47355 | Depths:1 | Found a huge runed gate.
 47355 | Depths:1 | Found a huge runed gate.
 47355 | Depths:1 | Found a huge runed gate.
 47355 | Depths:1 | Found a huge runed gate.
 47355 | Depths:1 | Found a huge runed gate.
 47355 | Depths:1 | Found a huge runed gate.
 47355 | Depths:1 | Found a huge runed gate.
 47366 | Depths:1 | Found a gateway to a ziggurat.
 47379 | Depths:1 | XOM: summons friendly iron imp
 47410 | Depths:1 | XOM: scenery: create altars
 47416 | Depths:1 | XOM: summons friendly shadow imp
 47426 | Depths:1 | Reached skill level 15 in Evocations
 47533 | Depths:1 | XOM: god gift: scroll of noise
 47750 | Depths:1 | Noticed a caustic shrike
 47758 | Depths:1 | Paralysed by a vampire knight for 7 turns
 47760 | Depths:1 | HP: 9/185 [caustic shrike (7)]
 47760 | Depths:1 | Splashed by a caustic shrike's acid

Illustrated notes

Levels and vault maps discovered:
D:1:      evilmike_arrival_home_sweet_home, layout_basic
D:2:      layout_loops_ring
D:3:      layout_loops_ring, overflow_temple_1_default, elyvilon_altar_1,
          cheibrodos_sewer_entry_sluice, serial_rivers,
          chequers_serial_rivers_micro_d, chequers_serial_rivers_large_a,
          chequers_serial_rivers_room_a, chequers_serial_rivers_room_b,
          chequers_serial_rivers_micro_c, chequers_serial_rivers_small_b
D:4:      layout_loops_corners, general_overflow_altar,
          nemelex_xobeh_ov_fountains_minmay, bloody_makhleb
D:5:      layout_gridville, lemuel_round_altar, marbit_many_paths,
          minmay_temple_entry_glassed_door, enter_ossuary_2,
          corexii_corridor_pit, minmay_misc_feat_rows,
          nicolae_tso_carved_into_rock, uniq_prince_ribbit1
D:6:      layout_loops_ring, nicolae_dithmenos_the_darkroom, serial_shops, shop,
          ebering_ghost_sewer_f, uniq_pikel
D:7:      layout_rooms, serial_curves, eino_curves_04, eino_curves_03,
          uniq_crazy_yiuf_cottage
D:8:      layout_rooms, bloody_trog
D:9:      layout_irregular_city, kennysheep_vampire_church, david_orc_3,
          serial_shops, shop_statue, minmay_splitting_lines,
          eino_small_chamber_without_monster, kennysheep_donut,
          minmay_crystal_room, uniq_maggie
D:10:     layout_basic, minmay_lair_entry_grove, serial_shops, shop,
          nicolae_shop_crystal, shop, nicolae_qazlal_eye_of_the_storm,
          uniq_harold, uniq_joseph, uniq_maurice
D:11:     layout_basic, nicolae_twisting_strands
D:12:     kennysheep_ambush_hall, layout_irregular_city, drop_trap,
          minmay_st_funbox, uniq_urug
D:13:     layout_cave_pools, hangedman_vaults_entry_quadrant_bands,
          serial_shops, nicolae_shop_statue_plus, blue_anna_alchemist
          [blue_anna_fruit_fields, blue_anna_fruit_fields], uniq_azrael
D:14:     gammafunk_worm_tunnel, layout_basic, minmay_misc_feat_chi
D:15:     grunt_enter_depths_hoard, layout_irregular_city,
          hangedman_decor_lopped, uniq_roxanne
Lair:1:   layout_roguey [special_room_bee], gammafunk_ghost_necromancy,
          grunt_forest_stairs_basic, grunt_megastairs_4, uniq_erica
Lair:2:   layout_regular_city, minmay_shoals_entry_beasts, serial_forest,
          infiniplex_forest_lined_2, infiniplex_forest_split,
          infiniplex_forest_lined_3, infiniplex_forest_side_room,
          infiniplex_forest_lined_4_way, infiniplex_forest_clump_small,
          infiniplex_forest_split, infiniplex_forest_zigzag_2,
          infiniplex_forest_corner_1, amcnicky_altar_gilded
Lair:3:   layout_loops_ring, guppyfry_snake_entry_island,
          amcnicky_mini_pool_medium, uniq_fannar
Lair:4:   layout_roguey, serial_bayou_shore_a
Lair:5:   layout_regular_city, uniq_nessos
Lair:6:   wormcave, layout_layer_cave, guppyfry_lair_end_dragon,
          dpeg_slime_entry_corner, kennysheep_rathole,
          minmay_lair_oklob_chamber, uniq_josephine
Shoals:1: layout_shoals
Shoals:2: layout_shoals, serial_shops, shop
Shoals:3: layout_shoals, portal_ice_cave_entry_ice_statue_two,
          nicolae_shoals_so_close
Shoals:4: shoals_end_grunt_garden, layout_shoals, uniq_louise
Snake:1:  layout_grid_maze, grunt_megastairs_3, minmay_shop_star
Snake:2:  layout_basic, basic_altar, st_stairs_12, uniq_jorgrun
Snake:3:  minmay_snake_river, layout_basic, minmay_shop_mass
Snake:4:  snake_pit, layout_onion
Orc:1:    layout_caves
Orc:2:    st_orc_mages, layout_caves, basic_altar, roderic_batcave,
          lightli_orcish_oven
Elf:1:    minmay_guarded_unrand_folly, layout_geoelf_grid,
          hangedman_elven_crosses_minicolossus, uniq_agnes
Elf:2:    layout_geoelf_octagon, serial_shops, shop_fountains
Elf:3:    minmay_elf_hall_curves, layout_geoelf_castle, serial_shops,
          nicolae_shop_statue_plus, uniq_nikola
Vaults:1: ontoclasm_vaults_twist, vaults_room_grunt_arrival_ludios,
          nicolae_vaults_network_star, grunt_vaults_bifocal,
          nicolae_vaults_angled_halls, dpeg_vaults_monster_box, v_misc_3,
          ontoclasm_vaults_tryst, nicolae_vaults_network_periphery,
          vaults_room_pools, vaults_dpeg_hooks, ontoclasm_vaults_eye,
          ontoclasm_vaults_hangar, nicolae_vaults_little_squares_4,
          grunt_vaults_hallway_short, layout_vaults_omnibox, uniq_donald
Vaults:2: v_alt_pattern_1, serial_ice_b, grunt_tower_of_power,
          minmay_crypt_entry_simple_sparse, hangedman_vaults_stretched_pinwheel,
          v_misc_24, nicolae_vaults_sealed_display, vaults_standard_mumra_x,
          layout_vaults_ring, serial_shops, nicolae_shop_waterfront
Vaults:3: ebering_vaults_ghost_xom, nicolae_vaults_little_squares_3,
          nicolae_vaults_angled_halls, nicolae_vaults_three_branches, v_misc_23,
          nicolae_vaults_branching_niches, v_misc_11, vaults_room_semicircle,
          vaults_room_semicircle, v_pattern_2, vaults_room_hallway,
          ontoclasm_vaults_misaligned, layout_vaults_big_room, uniq_mara,
          uniq_sojobo
Vaults:4: gammafunk_vaults_ghost_fury_of_okawaru, nicolae_vaults_network_s,
          v_rooms_5, nicolae_vaults_inception_statues,
          nicolae_vaults_circle_grid_a, nicolae_vaults_ninety_degrees,
          v_rooms_4, vaults_room_pool, ontoclasm_vaults_loading_screen,
          nicolae_vaults_meeting, layout_vaults_omnigrid, uniq_aizul
Vaults:5
Depths:1: layout_cave_shapes, enter_ziggurat_f, grunt_decor_resistance,
          lightli_too_deep, door_vault, kennysheep_random_hallway

Skill      XL: |  1  2  3  4  5  6  7  8  9 10 11 12 13 14 15 16 17 18 19 20 21 22 |
---------------+-------------------------------------------------------------------+-----
Axes           | 3 4 5 6 7 8 10 12 15 16 17 18 19 20 21 | 21.1
Evocations     | 6 8 9 10 11 13 14 15 | 15.7
Dodging        | 4 10 12 13 | 13.0
Fighting       | 8 9 13 | 13.0
Polearms       | 1 |  1.0
Shields        | 4 9 12 15 | 15.0
Necromancy     | 11 15 17 | 17.5
Armour         | |  1.7

Action                   |  1- 3 |  4- 6 |  7- 9 | 10-12 | 13-15 | 16-18 | 19-21 | 22-24 || total
-------------------------+-------+-------+-------+-------+-------+-------+-------+-------++-------
Melee: Hand axe          |    88 |   193 |   590 |    70 |       |       |       |       ||   941
       Kick              |       |    36 |       |       |   154 |   511 |   463 |    73 ||  1237
       War axe           |       |       |       |   616 |  1000 |   709 |       |       ||  2325
       Halberd           |       |       |       |       |    43 |    81 |       |       ||   124
       Broad axe         |       |       |       |       |       |   435 |   997 |   153 ||  1585
       Headbutt          |       |       |       |       |       |       |   123 |       ||   123
       Demon trident     |       |       |       |       |       |       |       |     3 ||     3
Throw: Stone             |    14 |    18 |    18 |    29 |    44 |    14 |     5 |       ||   142
       Throwing net      |       |       |       |       |     2 |     2 |       |       ||     4
 Cast: Pain              |       |       |       |       |       |    18 |       |       ||    18
       Animate Skeleton  |       |       |       |       |       |    25 |    56 |     5 ||    86
       Death Channel     |       |       |       |       |       |       |    33 |     6 ||    39
 Abil: Blink             |       |       |       |       |     2 |       |     5 |       ||     7
Evoke: Wand              |       |       |       |    10 |    25 |    21 |     4 |       ||    60
       Lightning rod     |       |       |       |       |       |    21 |    19 |     2 ||    42
       Phial of floods   |       |       |       |       |       |     4 |     7 |     1 ||    12
       Phantom mirror    |       |       |       |       |       |       |     7 |     1 ||     8
       Condenser vane    |       |       |       |       |       |       |       |     1 ||     1
  Use: Scroll            |       |     2 |     4 |    18 |    22 |    18 |    18 |     4 ||    86
       Potion            |       |       |    14 |     4 |    11 |    12 |    10 |     1 ||    52
 Stab: Sleeping          |     4 |     2 |     7 |    25 |    15 |    17 |    14 |     3 ||    87
       Paralysed         |     1 |     1 |    31 |     5 |    12 |     3 |       |       ||    53
       Petrified         |       |     2 |     5 |       |     5 |     2 |     4 |       ||    18
       Petrifying        |       |     1 |     2 |       |     1 |       |     2 |       ||     6
       Invisible         |       |       |     8 |       |     7 |     2 |       |       ||    17
       Distracted        |       |       |       |     4 |     4 |     4 |    23 |     3 ||    38
       Confused          |       |       |       |     3 |     3 |    15 |    15 |     3 ||    39
       Betrayed ally     |       |       |       |       |       |     1 |     1 |       ||     2
Armor: Leather armour    |    48 |    68 |    65 |    20 |       |       |       |       ||   201
       Skin              |       |       |     1 |       |       |       |     2 |       ||     3
       Troll leather arm |       |       |       |    67 |   111 |   105 |    76 |     7 ||   366
Dodge: Dodged            |    68 |   163 |   349 |   435 |   753 |   939 |   570 |    94 ||  3371
Block: Buckler           |       |       |       |       |    39 |   352 |   393 |       ||   784
       Reflection        |       |       |       |       |       |       |    48 |     8 ||    56
       Kite shield       |       |       |       |       |       |       |    81 |    77 ||   158
       Rpst.: War axe    |       |       |       |    70 |   168 |    93 |       |       ||   331
       Halberd           |       |       |       |       |    10 |    16 |       |       ||    26
       Broad axe         |       |       |       |       |       |    45 |    97 |    18 ||   160
       Demon trident     |       |       |       |       |       |       |       |     1 ||     1
